 Dungeon Crawl Stone Soup version 0.19.5 (webtiles) character file.

114 lauthentik the Sneak (level 4, 0/31 HPs)
             Began as a Vampire Enchanter on Apr 20, 2017.
             Slain by an orc
             ... wielding a +0 flail
              (8 damage)
             ... on level 3 of the Dungeon.
             The game lasted 00:08:32 (2803 turns).

lauthentik the Sneak (Vampire Enchanter)            Turns: 2803, Time: 00:08:33

Health: 0/31       AC:  7    Str:  7    XL:     4   Next: 66%
Magic:  0/7        EV: 13    Int: 18    God:
Gold:   94         SH:  0    Dex: 14    Spells: 3 memorised, 1 level left

rFire  . . .     SeeInvis +     r - -1 dagger (curse)
rCold  + . .     Gourm    .     n - +2 robe {MR+}
rNeg   + + .     Faith    .     (no shield)
rPois  +         Spirit   .     (no helmet)
rElec  .         Reflect  .     l - +1 cloak
rCorr  .         Harm     .     (no gloves)
MR     +....                    i - +0 pair of boots
Stlth  ++++......               (no amulet)
                                (no ring)
                                g - ring of wizardry

@: regenerating slowly
A: fangs 3, see invisible, unbreathing
a: Bat Form


You were on level 3 of the Dungeon.
You were very thirsty.

You visited 1 branch of the dungeon, and saw 3 of its levels.

You collected 94 gold pieces.

Inventory:

Hand Weapons
 a - a +1 dagger
 e - a -1 dagger
 r - a cursed -1 dagger (weapon)
Armour
 b - a +1 robe
 i - a +0 pair of boots (worn)
 k - a +0 cloak
 l - a +1 cloak (worn)
 n - a +2 robe of magic resistance (worn)
Jewellery
 g - a ring of wizardry (left hand)
Scrolls
 f - a scroll of teleportation
 m - a scroll of blinking
 t - a scroll of fear {unknown}
Potions
 d - 7 potions of blood
 h - a potion of invisibility {unknown}
 j - a potion of haste
 p - a potion of curing
Books
 c - a book of Maledictions

   Spells                             Type                      Level
   a - Corona                         Hexes                        1
   b - Ensorcelled Hibernation        Hexes/Ice                    2
   c - Confuse                        Hexes                        3
   d - Tukima's Dance                 Hexes                        3
   e - Dazzling Spray                 Conjuration/Hexes            3


   Skills:
 + Level 0.6 Fighting
 + Level 2.0 Short Blades
 + Level 3.4 Dodging
 + Level 5.6 Stealth
 + Level 2.3 Spellcasting
 + Level 5.0 Hexes
 + Level 0.4 Ice Magic


You had one spell level left.
You knew the following spells:

 Your Spells              Type           Power        Failure   Level  Hunger
a - Ensorcelled Hibernat  Hex/Ice        ##....       4%          2    ##.....
b - Corona                Hex            ###....      1%          1    #......
c - Confuse               Hex            ###.....     4%          3    ###....


Dungeon Overview and Level Annotations

Branches:
Dungeon (3/15)

Altars:


Innate Abilities, Weirdness & Mutations

You heal slowly.
You have razor-sharp teeth.
You have supernaturally acute eyesight. (SInv)
You can survive without breathing.


Message History

Aim: an orc, wielding a flail (chance to defeat MR: 60%)
The orc resists with significant effort.
Casting: Ensorcelled Hibernation
Confirm with . or Enter, or press ? or * to list all spells.
Aiming: Ensorcelled Hibernation
Press: ? - help, Shift-Dir - straight line, f/p - orc
Aim: an orc, wielding a flail (chance to defeat MR: 60%)
The orc resists with significant effort.
The orc hits you with a flail.
* * * LOW HITPOINT WARNING * * *
Casting: Ensorcelled Hibernation
Confirm with . or Enter, or press ? or * to list all spells.
You don't have enough magic to cast that spell.
You hit the orc.
The orc is heavily wounded.
The orc misses you.
You hit the orc but do no damage.
The orc is heavily wounded.
The orc hits you with a flail!
You die...

,,,,,..,* ###*,,*****#..(....
******#.#### #..,,****#*#.......
** #..<.####.######.o,o.......
,*** ####....#.#......#,,.####..
,,,** ####.#<.....oo.,***##...
**,,* ##..?.†o#****** #....
**,*#** #....#### #....
*,,..#***#...o#############....
***#........#.@................
*****##...#####.#############....
,,,,,b.....##...# #....
******,.,#......#############....
,,>,,,,,*##.%.#<>...........##...
,,,***,** #..##############......
,,,***,* #### ####### ,,,,,,,***
,,,**,,,,****


You could see an orc.

Vanquished Creatures
  Crazy Yiuf (D:2)
  Terence (D:2)
  An ooze (D:1)
  A worm (D:2)
  A dart slug (D:2)
  A leopard gecko (D:3)
  6 giant cockroaches
  5 goblins
  5 hobgoblins
  3 jackals (D:1)
  A quokka (D:2)
  6 bats
  2 frilled lizards (D:2)
  6 kobolds
  5 rats
45 creatures vanquished.

Notes
Turn   | Place    | Note
-------+----------+-------------------------------------------
     0 | D:1      | lauthentik the Vampire Enchanter began the quest for the Orb.
     0 | D:1      | Reached XP level 1. HP: 13/13 MP: 3/3
   684 | D:1      | Reached XP level 2. HP: 7/19 MP: 5/5
  1876 | D:2      | Reached XP level 3. HP: 24/24 MP: 6/6
  1891 | D:2      | Learned a level 2 spell: Ensorcelled Hibernation
  1895 | D:2      | Learned a level 3 spell: Confuse
  1938 | D:2      | Noticed Terence
  2092 | D:2      | Found a runed door.
  2096 | D:2      | Noticed Crazy Yiuf
  2102 | D:2      | Killed Crazy Yiuf
  2102 | D:2      | Reached skill level 5 in Stealth
  2102 | D:2      | Reached XP level 4. HP: 23/31 MP: 2/7
  2149 | D:2      | Killed Terence
  2274 | D:2      | Reached skill level 5 in Hexes
  2803 | D:3      | Slain by an orc

Skill      XL: |  1  2  3  4 |
---------------+-------------+-----
Dodging        | 3 |  3.4
Stealth        | 5 |  5.6
Hexes          | 5 |  5.0
Short Blades   | 2 |  2.0
Fighting       | |  0.6
Spellcasting   | |  2.3
Ice Magic      | |  0.4

Action                   |  1- 3 |  4- 6 || total
-------------------------+-------+-------++-------
Melee: Dagger            |   208 |    66 ||   274
       Bite              |    13 |     6 ||    19
 Cast: Corona            |    10 |       ||    10
       Ensorcelled Hiber |     9 |    14 ||    23
  Use: Scroll            |     3 |     3 ||     6
       Potion            |       |     1 ||     1
 Stab: Sleeping          |     7 |    12 ||    19
  Eat: Corpse            |     1 |       ||     1
Armor: Robe              |    76 |    15 ||    91
Dodge: Dodged            |   186 |    38 ||   224
